 Dungeon Crawl Stone Soup version 0.25-a0-317-g5f8687bca5 (webtiles) character file.

Game seed: 12343357467618575699, levelgen mode: deterministic

2756 DerDa the Thaumaturge (level 9, -8/51 HPs)
             Began as an Octopode Fire Elementalist on Dec 27, 2019.
             Killed by divine providence
             ... invoked by an orc priest
              (15 damage)
             ... on level 7 of the Dungeon.
             The game lasted 00:25:37 (6732 turns).

DerDa the Thaumaturge (Octopode Fire Elementalist)  Turns: 6732, Time: 00:25:37

Health: -8/51      AC:  1    Str:  7    XL:     9   Next: 69%
Magic:  7/21       EV: 13    Int: 25    God:
Gold:   103        SH:  0    Dex: 12    Spells: 12/25 levels left

rFire    . . .     SeeInvis .   w - +10 trident "Ripochua" {drain, Int+4}
rCold    . . .     Gourm    .   (no shield)
rNeg     . . .     Faith    .   (helmet restricted)
rPois    .         Spirit   .   (no amulet)
rElec    .         Reflect  .   g - ring of wizardry
rCorr    .         Harm     .   (no ring)
MR       .....                  (no ring)
Stlth    +++.......             (no ring)
HPRegen  0.17/turn              (no ring)
MPRegen  0.17/turn              (no ring)
                                (no ring)
                                (no ring)

@: no status effects
A: almost no armour, stealthy swim, amphibious, 8 rings, constrict 8, camouflage
1, gelatinous body 1
a: no special abilities


You were on level 7 of the Dungeon.
You were not hungry.

You visited 2 branches of the dungeon, and saw 8 of its levels.

You collected 480 gold pieces.
You spent 377 gold pieces at shops.

Inventory:

Hand Weapons
 a - a +0 dagger
 m - a +0 short sword
 o - a +1 short sword of venom
 p - a +0 dagger of venom
 w - the +10 trident "Ripochua" (weapon) {drain, Int+4}
   (You found it on level 4 of the Dungeon)

   A truly terrible weapon, it drains the life of those it strikes.
   It affects your intelligence (+4).
 y - a +0 flail of holy wrath
 A - the +5 whip "Rihul" {drain, rN+}
   (You found it on level 6 of the Dungeon)

   A truly terrible weapon, it drains the life of those it strikes.
   It protects you from negative energy.
Missiles
 f - 54 sling bullets
Magical Staves
 u - an uncursed staff of conjuration
Jewellery
 g - a ring of wizardry (left tentacle)
Wands
 c - a wand of random effects (18)
Scrolls
 e - 3 scrolls of remove curse
 i - 3 scrolls of amnesia
 k - 2 scrolls of teleportation
 s - 2 scrolls of fear
 x - a scroll of fog
 B - a scroll of brand weapon {unknown}
 C - 3 scrolls of immolation {unknown}
 D - a scroll of acquirement {unknown}
Potions
 d - 9 potions of curing
 h - a potion of resistance {unknown}
 j - 3 potions of haste {unknown}
 l - 4 potions of agility {unknown}
 n - a potion of flight {unknown}
 q - a potion of might {unknown}
 r - a potion of mutation {unknown}
 v - 6 potions of heal wounds {unknown}
 z - a potion of degeneration {unknown}
Comestibles
 b - 18 rations
 t - 3 chunks of flesh


   Skills:
 - Level 2.2 Dodging
 - Level 2.6 Stealth
 * Level 8.6 Spellcasting
 + Level 6.4 Conjurations
 + Level 7.2 Fire Magic


You had 12 spell levels left.
You knew the following spells:

 Your Spells              Type           Power        Failure   Level  Hunger
a - Foxfire               Conj/Fire      ####         1%          1    None
b - Conjure Flame         Conj/Fire      #####...     1%          3    None
c - Sticky Flame          Conj/Fire      #####...     1%          4    ##.....
d - Fireball              Conj/Fire      #####.....   4%          5    ####...

Your spell library contained the following spells:

 Spells                   Type           Power        Failure   Level  Hunger
 Inner Flame              Hex/Fire       ####....     1%          3    None


Dungeon Overview and Level Annotations

Branches:
Dungeon (7/15)             Temple (1/1) D:5

Altars:
Ashenzari
Cheibriados
Dithmenos
Elyvilon
Fedhas
Gozag
Hepliaklqana
Kikubaaqudgha
Nemelex Xobeh
Okawaru
Qazlal
Ru
Trog
Uskayaw
Vehumet
Wu Jian
Xom
Zin

Shops:
D:5 :!   D:7 *

Annotations:
D:4 MoonlitKnight's ghost, amateur MiBe


Innate Abilities, Weirdness & Mutations

You cannot wear most types of armour.
You are very stealthy in the water. (Stealth+)
You are amphibious.
You can wear up to eight rings at the same time.
You can use your tentacles to constrict eight enemies at once.
Your skin changes colour to match your surroundings (Stealth+).
Your rubbery body absorbs attacks. (AC +1, EV +1)


Message History

Press: ? - help, Shift-Dir - straight line The fireball explodes!
The fireball engulfs the orc priest!
The orc priest is almost dead.
The fireball engulfs the orc warrior!
The orc warrior is moderately wounded.
You hear a shout! x2
The orc priest calls down the wrath of Beogh upon you.
Beogh smites you!
Casting: Fireball (safe; 4% risk of failure)
Confirm with . or Enter, or press ? or * to list all spells.
Aiming: Fireball (safe; 4% risk of failure)
Press: ? - help, Shift-Dir - straight line
Okay, then.
The orc priest invokes the aid of Beogh against you.
Beogh smites you!
* * * LOW HITPOINT WARNING * * *
There is a stone staircase leading up here.
The orc priest calls down the wrath of Beogh upon you.
Beogh smites you!
You die...

##....## #......#
#....### #.##.#
##### ####..######
.....###........#.#
..........o...>...##
..........#...<....#
.......).##.#.o.@..#
.#....o.#####..#.###
)...#.### ######
#.)##..# #..#...#
.......# .....#.#
...##..# ..# .##


You could see an orc warrior and an orc priest.

Vanquished Creatures
  Grinder (D:6)
  Sigmund (D:2)
  Eustachio (D:5)
  Edmund (D:6)
  2 orc warriors (D:7)
  An ice beast (D:6)
  The ghost of endorz the Skirmisher, an amateur MiFi of Gozag (D:3)
  A sky beast (D:7)
  2 black bears
  An ogre (D:4)
  2 centaurs
  3 bullfrogs
  2 scorpions
  A killer bee (D:7)
  2 howler monkeys
  A bullfrog zombie (D:6)
  A centaur zombie (D:7)
  4 hounds
  2 jellies
  An orc priest (D:7)
  4 orc wizards
  2 iguanas
  8 worker ants
  9 adders
  2 shadow imps
  An ooze (D:5)
  2 worms
  A dart slug (D:3)
  3 leopard geckos
  15 orcs
  A bat zombie (D:5)
  3 giant cockroaches
  8 goblins
  8 hobgoblins
  18 jackals
  11 kobolds
  2 quokkas (D:4)
  6 bats
  2 frilled lizards
  A jackal skeleton (D:6)
  A leopard gecko zombie (D:7)
  A quokka skeleton (D:7)
  8 rats
  4 rat zombies (D:5)
152 creatures vanquished.

Vanquished Creatures (others)
  289 foxfires
289 creatures vanquished.

Grand Total: 441 creatures vanquished

Notes
Turn   | Place    | Note
-------+----------+-------------------------------------------
     0 | D:1      | DerDa the Octopode Fire Elementalist began the quest for
                  | the Orb.
     0 | D:1      | Reached XP level 1. HP: 11/11 MP: 3/3
    41 | D:1      | Reached XP level 2. HP: 9/17 MP: 3/5
   821 | D:1      | Reached XP level 3. HP: 9/21 MP: 6/6
  1217 | D:2      | Noticed Sigmund
  1989 | D:3      | Reached XP level 4. HP: 27/27 MP: 4/8
  2073 | D:3      | Reached skill level 3 in Spellcasting
  2374 | D:3      | Found a runed translucent door.
  2377 | D:3      | Noticed endorz's ghost (amateur MiFi)
  2550 | D:3      | Learned a level 3 spell: Conjure Flame
  2555 | D:3      | Learned a level 4 spell: Sticky Flame
  2713 | D:4      | Reached XP level 5. HP: 31/31 MP: 0/10
  2820 | D:4      | Noticed a black bear
  2828 | D:4      | Killed a black bear
  2936 | D:4      | Found a large runed translucent door.
  2936 | D:4      | Found a large runed translucent door.
  2939 | D:4      | Noticed MoonlitKnight's ghost (amateur MiBe)
  2973 | D:4      | Reached XP level 6. HP: 36/36 MP: 8/11
  2998 | D:4      | Reached skill level 4 in Spellcasting
  3027 | D:4      | Learned a level 5 spell: Fireball
  3176 | D:4      | Got a twisted trident
  3176 | D:4      | Identified the +10 trident "Ripochua" {drain, Int+4} (You
                  | found it on level 4 of the Dungeon)
  3591 | D:2      | Killed Sigmund
  3591 | D:2      | Reached skill level 5 in Spellcasting
  3591 | D:2      | Reached XP level 7. HP: 26/41 MP: 2/14
  3718 | D:3      | Killed endorz's ghost
  3718 | D:3      | Reached skill level 5 in Fire Magic
  4134 | D:5      | Entered Level 5 of the Dungeon
  4134 | D:5      | Noticed Eustachio
  4141 | D:5      | Killed Eustachio
  4200 | D:4      | Reached XP level 8. HP: 29/46 MP: 7/16
  4287 | D:5      | Found Fieghec's Distillery.
  4298 | D:5      | Bought a potion of curing for 36 gold pieces
  4298 | D:5      | Bought a potion of curing for 36 gold pieces
  4298 | D:5      | Bought a potion of curing for 36 gold pieces
  4298 | D:5      | Bought 2 potions of curing for 72 gold pieces
  4298 | D:5      | Bought a potion of curing for 36 gold pieces
  4463 | D:5      | Reached skill level 6 in Spellcasting
  4648 | D:5      | Found a staircase to the Ecumenical Temple.
  4655 | Temple   | Entered the Ecumenical Temple
  4778 | D:5      | Found Daomypp's Book Shop.
  4992 | D:5      | Found an ancient bone altar of Kikubaaqudgha.
  5216 | D:6      | Found an ornate altar of the Wu Jian Council.
  5420 | D:6      | Reached skill level 5 in Conjurations
  5490 | D:6      | Noticed Edmund
  5498 | D:6      | Killed Edmund
  5498 | D:6      | Reached skill level 7 in Spellcasting
  5503 | D:6      | Noticed Grinder
  5532 | D:6      | Killed Grinder
  5532 | D:6      | Reached XP level 9. HP: 40/51 MP: 7/20
  5775 | D:6      | Got a crude whip
  5775 | D:6      | Identified the +5 whip "Rihul" {drain, rN+} (You found it
                  | on level 6 of the Dungeon)
  5790 | D:6      | Found a sacrificial altar of Ru.
  6119 | D:7      | Found Isaadu Baew's Assorted Antiques.
  6127 | D:7      | Bought a scroll labeled LANNAZ WYUT for 33 gold pieces
  6127 | D:7      | Bought a scroll labeled SAGUDA VOBOTUPT for 33 gold pieces
  6127 | D:7      | Bought 2 scrolls labeled SAGUDA VOBOTUPT for 66 gold pieces
  6127 | D:7      | Bought a viscous grey potion for 29 gold pieces
  6206 | D:7      | Reached skill level 8 in Spellcasting
  6732 | D:7      | Killed from afar by an orc priest

Levels and vault maps discovered:
D:1:      dpeg_arrival_tiny_a, layout_basic, nrook_campfire
D:2:      layout_basic, kennysheep_boxes, uniq_sigmund
D:3:      layout_loops_ring, ebering_ghost_sewer_d
D:4:      layout_layer_cave, ebering_ghost_disaster_area, first_ration
D:5:      layout_loops_ring, lemuel_zombie_altar_kikubaaqudgha,
          minmay_temple_entry_trees, serial_shops, shop, shop,
          kennysheep_generic_room_13, uniq_eustachio
D:6:      layout_basic, nicolae_ru_the_path_less_chosen, old_standard_altar,
          minmay_misc_feat_doors, minmay_fountain_box, uniq_edmund, uniq_grinder
D:7:      minmay_slanted_spiral_squares, layout_cave_pools,
          grunt_temple_overflow_holy_war, grunt_temple_overflow_open,
          serial_shops, shop
Temple:   regret_index_temple_waves

Skill      XL: |  1  2  3  4  5  6  7  8  9 |
---------------+----------------------------+-----
Spellcasting   | 3 5 7 8 |  8.6
Conjurations   | 2 3 4 5 6 |  6.4
Fire Magic     | 4 5 6 7 |  7.2
Dodging        | |  2.2
Stealth        | |  2.6

Action                   |  1- 3 |  4- 6 |  7- 9 || total
-------------------------+-------+-------+-------++-------
Melee: Dagger            |    48 |       |       ||    48
       Constrict         |    18 |     8 |    17 ||    43
       Tentacles         |     7 |     1 |    12 ||    20
       Short sword       |     6 |    23 |       ||    29
       Trident           |       |     8 |    75 ||    83
 Cast: Foxfire           |    54 |    68 |    53 ||   175
       Sticky Flame      |       |     3 |    23 ||    26
       Fireball          |       |     2 |     9 ||    11
       Conjure Flame     |       |     1 |     1 ||     2
  Use: Scroll            |       |       |     7 ||     7
       Potion            |       |       |     2 ||     2
 Stab: Sleeping          |     2 |       |     3 ||     5
  Eat: Chunk             |     3 |     6 |    14 ||    23
Armor: Skin              |    10 |     6 |     9 ||    25
Dodge: Dodged            |    52 |    20 |    70 ||   142

Table legend:
 A = Non-vault XP
 B = Vault XP
 C = Vault XP percentage of total XP
 D = Non-vault monster count
 E = Vault monster count
 F = Vault count percentage of total count
                 A         B        C        D         E       F
            +---------+---------+-------+---------+---------+-------
      Total |    2038 |    1900 |  48.2 |     127 |      25 |  16.4
            +---------+---------+-------+---------+---------+-------
        D:1 |      46 |       0 |   0.0 |      28 |       0 |   0.0
        D:2 |      30 |     223 |  88.1 |      16 |       1 |   5.9
        D:3 |      60 |     141 |  70.1 |      19 |       2 |   9.5
        D:4 |     527 |       0 |   0.0 |      25 |       0 |   0.0
        D:5 |     204 |     249 |  55.0 |       9 |       7 |  43.8
        D:6 |     963 |     416 |  30.2 |      20 |       2 |   9.1
        D:7 |     208 |     871 |  80.7 |      10 |      13 |  56.5
            +---------+---------+-------+---------+---------+-------
